AoeStats
← a.l.a.n.t

Hideout

503260387Analyzed
4v4 RM · 1mo ago on Aug 30, 2026· 46m 46s· 8 players
Game mode
Random Map
Map size
Large (8 player)
Population
200
Speed
Normal
Resources
Standard
Victory
Conquest
Starting age
Dark Age
Ending age
Imperial Age
RankedLock teamsTeams togetherTeam positionsShared explorationLock speedFull tech treeHidden civsTurbo modeCheats
Victory
Defeat
🇧🇷 Georgians · Brazil
1374
+12
🇮🇩 Khitans · Indonesia
1268
+17
🇦🇷 Franks · Argentina
1248
+18
🇺🇸 Saracens · United States
1238
+18
🇨🇳 Celts · China
1301
-17
🇸🇰 Inca · Slovakia
1297
-17
🇳🇱 Poles · Netherlands
1269
-15
🇬🇧 Italians · United Kingdom
1264
-15
N3znamy
10:15 Feudal Age
14:22 Castle Age
12:38 Double-Bit Axe
16:05 Bow Saw
18:17 Loom
21:40 Horse Collar
27:53 Heavy Plow
27:46 Gold Mining
27:48 Stone Mining
29:20 Stone Shaft Mining
28:58 Guard Tower
32:26 Imperial Age
30:37 Wheelbarrow
31:15 Forging
31:06 Scale Mail Armor
31:55 Gold Shaft Mining
32:01 Fletching
32:46 Iron Casting
33:02 Chain Mail Armor
32:55 Elite Kamayuk
34:53 Bodkin Arrow
35:58 Blast Furnace
39:01 Plate Mail Armor
40:12 Bracer
43:01 Elite Skirmisher
44:30 Conscription
43:44 Capped Ram
44:55 Siege Ram
Theurarthur
9:43 Feudal Age
10:28 Double-Bit Axe
11:46 Horse Collar
15:31 Forging
16:44 Scale Barding Armor
17:16 Loom
17:58 Bloodlines
28:31 Fletching
34:36 Castle Age
38:16 Szlachta Privileges
a.l.a.n.t
6:47 Loom
9:27 Feudal Age
10:47 Double-Bit Axe
13:59 Fletching
20:45 Padded Archer Armor
29:40 Castle Age
30:11 Elite Skirmisher
30:49 Bodkin Arrow
42:07 Ballistics
野象
11:01 Feudal Age
11:53 Double-Bit Axe
12:39 Loom
15:34 Castle Age
15:24 Horse Collar
16:32 Heavy Plow
16:44 Bow Saw
30:20 Imperial Age
28:27 Wheelbarrow
28:33 Wheelbarrow
27:43 Town Watch
29:59 Gold Mining
30:00 Stone Mining
30:23 Heavy Scorpion
32:47 Furor Celtica
33:00 Conscription
32:55 Pikeman
33:19 Capped Ram
37:25 Halberdier
Non faux pa
6:53 Loom
9:50 Feudal Age
13:02 Fletching
15:20 Horse Collar
17:12 Double-Bit Axe
25:00 Castle Age
25:11 Crossbowman
25:57 Thumb Ring
25:50 Bodkin Arrow
35:41 Padded Archer Armor
36:06 Ballistics
35:26 Treadmill Crane
37:43 Wheelbarrow
37:29 Leather Archer Armor
40:20 Imperial Age
40:24 Arbalester
42:57 Chemistry
42:00 Bracer
42:31 Ring Archer Armor
42:03 Onager
43:41 Hand Cart
47:20 Caravan
flinT
11:16 Feudal Age
15:10 Castle Age
13:34 Double-Bit Axe
13:38 Horse Collar
17:49 Bow Saw
22:48 Heavy Plow
24:37 Gold Mining
25:01 Stone Mining
25:49 Wheelbarrow
25:00 Loom
30:14 Imperial Age
28:15 Scale Barding Armor
28:50 Hand Cart
28:20 Town Watch
29:38 Chain Barding Armor
29:56 Stone Shaft Mining
29:37 Forging
30:19 Elite Monaspa
31:45 Plate Barding Armor
32:07 Conscription
32:28 Iron Casting
32:21 Fletching
32:57 Fervor
35:00 Blast Furnace
35:59 Bodkin Arrow
36:05 Padded Archer Armor
36:27 Heavy Cavalry Archer
37:32 Bracer
37:40 Caravan
38:10 Parthian Tactics
38:04 Leather Archer Armor
38:14 Ballistics
38:55 Chemistry
37:36 Treadmill Crane
40:25 Scale Mail Armor
40:49 Svan Towers
40:43 Guard Tower
40:41 Arrowslits
41:08 Masonry
44:06 Keep
43:27 Murder Holes
44:03 Architecture
46:45 Bloodlines
46:35 Husbandry
46:39 Light Cavalry
Behind You
7:26 Loom
9:36 Feudal Age
12:09 Forging
15:40 Double-Bit Axe
17:11 Domestication
20:44 Scale Barding Armor
22:11 Gold Mining
26:44 Castle Age
26:49 Light Cavalry
27:51 Chain Barding Armor
28:06 Iron Casting
27:34 Husbandry
30:33 Bow Saw
34:38 Wheelbarrow
40:10 Imperial Age
37:57 Hand Cart
41:02 Elite Steppe Lancer
41:43 Town Watch
41:43 Loom
42:00 Capped Ram
43:58 Plate Barding Armor
Lord_Wilfredo
10:33 Feudal Age
15:22 Castle Age
13:56 Double-Bit Axe
19:38 Loom
28:42 Imperial Age
27:04 Wheelbarrow
27:02 Town Watch
27:24 Scale Barding Armor
29:30 Hand Cart
29:13 Gold Mining
29:53 Conscription
28:59 Onager
29:58 Husbandry
30:21 Chain Barding Armor
29:53 Cavalier
31:47 Plate Barding Armor
31:23 Forging
32:31 Gold Shaft Mining
34:05 Iron Casting
38:18 Paladin
40:06 Fletching
41:17 Blast Furnace
40:17 Padded Archer Armor
39:59 Elite Skirmisher
41:55 Chemistry
42:09 Ballistics
42:30 Capped Ram
44:38 Bodkin Arrow
44:59 Leather Archer Armor
44:38 Light Cavalry
45:57 Caravan
47:35 Fortified Wall
Connection lost

Rejoining the realm…

Still unreachable

The connection could not be restored.

Session expired

The server has moved on; the page needs a fresh start.